AoeStats
← Padla

Black Forest

508410944Analyzed
3v3 RM · 9d ago on Sep 22, 2026· 58m 6s· 6 players
Game mode
Random Map
Map size
Normal (6 player)
Population
200
Speed
Normal
Resources
Standard
Victory
Conquest
Starting age
Dark Age
Ending age
Imperial Age
RankedLock teamsTeams togetherTeam positionsShared explorationLock speedFull tech treeHidden civsTurbo modeCheats
Victory
Defeat
🇺🇸 Celts · United States
799
+9
🇩🇰 Bohemians · Denmark
788
+10
🇹🇼 Malians · Taiwan
732
+12
🇪🇸 Britons · Spain
825
-39
🇷🇺 Gurjaras · Russia
551
-7
🇷🇺 Khmer · Russia
549
-7
LadyBoy
8:56 Feudal Age
9:31 Double-Bit Axe
16:32 Arson
20:10 Castle Age
18:27 Stone Mining
18:38 Horse Collar
19:52 Gold Mining
22:01 Fletching
22:22 Forging
26:06 Bow Saw
26:07 Bodkin Arrow
30:19 Gold Shaft Mining
33:33 Husbandry
35:38 Scale Barding Armor
36:09 Iron Casting
36:20 Scale Mail Armor
39:51 Imperial Age
39:20 Caravan
39:45 Treadmill Crane
41:30 Bloodlines
41:58 Chain Barding Armor
42:13 Elite Shrivamsha Rider
Padla
10:02 Feudal Age
14:19 Horse Collar
14:44 Double-Bit Axe
20:16 Castle Age
18:32 Stone Mining
21:50 Heavy Plow
22:05 Bow Saw
22:26 Fletching
23:06 Padded Archer Armor
23:03 Bodkin Arrow
24:19 Leather Archer Armor
24:46 Gold Mining
32:18 Yeomen
35:53 Imperial Age
36:04 Forging
36:34 Forging
36:25 Scale Mail Armor
38:35 Two-Man Saw
38:41 Squires
38:27 Gambesons
40:23 Wheelbarrow
40:27 Gold Shaft Mining
39:15 Pikeman
40:01 Halberdier
41:56 Husbandry
41:19 Light Cavalry
42:14 Bracer
42:44 Ring Archer Armor
43:20 Chemistry
42:41 Ballistics
43:13 Iron Casting
42:44 Scale Barding Armor
43:50 Conscription
42:51 Elite Longbowman
44:31 Hand Cart
45:19 Siege Engineers
Kolbas™
9:48 Feudal Age
10:09 Horse Collar
16:19 Fishing Lines
21:00 Castle Age
22:02 Heavy Plow
26:13 Caravan
26:45 Double-Bit Axe
30:16 Bow Saw
29:55 Town Watch
29:56 Loom
30:47 Wheelbarrow
32:45 Imperial Age
31:41 Stone Mining
31:45 Gold Mining
33:33 Tusk Swords
33:34 Double Crossbow
34:57 Crop Rotation
35:11 Stone Shaft Mining
35:16 Gold Shaft Mining
37:56 Conscription
40:27 Fletching
40:42 Scale Barding Armor
40:50 Forging
40:40 Padded Archer Armor
40:41 Scale Mail Armor
41:44 Town Patrol
41:47 Bodkin Arrow
42:41 Chain Barding Armor
42:57 Elite Battle Elephant
45:21 Ballistics
46:02 Chemistry
45:09 Bracer
45:45 Iron Casting
45:26 Chain Mail Armor
45:27 Leather Archer Armor
49:26 Onager
52:37 Elite Ballista Elephant
瀧注洄洮
7:39 Loom
15:02 Feudal Age
17:10 Double-Bit Axe
17:08 Horse Collar
25:35 Castle Age
24:40 Gold Mining
24:57 Stone Mining
27:50 Bow Saw
28:30 Man-at-Arms
28:59 Arson
30:14 Heavy Plow
30:48 Long Swordsman
34:03 Squires
37:18 Wheelbarrow
37:13 Forging
37:33 Town Watch
40:07 Hand Cart
39:53 Town Patrol
41:12 Scale Mail Armor
41:47 Iron Casting
43:53 Imperial Age
42:11 Bloodlines
42:01 Husbandry
42:11 Scale Barding Armor
42:02 Fletching
42:57 Tigui
44:16 Ballistics
44:11 Fortified Wall
45:01 Gold Shaft Mining
45:08 Stone Shaft Mining
45:08 Crop Rotation
45:44 Chemistry
44:25 Treadmill Crane
44:14 Cavalier
46:40 Farimba
47:03 Conscription
49:37 Chain Barding Armor
49:13 Bodkin Arrow
49:53 Heavy Camel Rider
52:48 Plate Barding Armor
52:43 Light Cavalry
jensdixen
10:55 Feudal Age
11:39 Double-Bit Axe
11:38 Horse Collar
17:47 Castle Age
19:53 Bow Saw
19:47 Heavy Plow
27:48 Imperial Age
25:04 Loom
25:06 Town Watch
25:57 Wheelbarrow
27:12 Wagenburg Tactics
29:18 Chemistry
32:19 Houfnice
34:35 Hand Cart
38:41 Elite Hussite Wagon
41:51 Scale Mail Armor
42:01 Forging
42:18 Conscription
43:37 Two-Man Saw
43:09 Chain Mail Armor
44:20 Iron Casting
43:24 Pikeman
45:15 Theocracy
44:12 Halberdier
48:49 Plate Mail Armor
49:19 Blast Furnace
一把菜刀
0:51 Loom
12:22 Feudal Age
20:28 Castle Age
18:12 Horse Collar
18:46 Double-Bit Axe
20:52 Stone Mining
20:55 Gold Mining
21:39 Pikeman
25:49 Bow Saw
28:08 Fletching
30:08 Gold Shaft Mining
36:07 Imperial Age
34:52 Ballistics
34:35 Murder Holes
35:48 Heavy Plow
36:36 Wheelbarrow
35:49 Town Watch
38:42 Chemistry
37:42 Bodkin Arrow
37:59 Forging
37:59 Caravan
39:41 Halberdier
40:33 Scale Mail Armor
40:33 Heavy Scorpion
41:51 Furor Celtica
44:35 Stronghold
49:18 Iron Casting
49:00 Chain Mail Armor
50:00 Conscription
Connection lost

Rejoining the realm…

Still unreachable

The connection could not be restored.

Session expired

The server has moved on; the page needs a fresh start.